 Dungeon Crawl Stone Soup version 0.19-a0-1493-gd0fcaa6 (webtiles) character file.

204980 dvd the Marksminotaur (level 18, -6/154 HPs)
             Began as a Minotaur Gladiator on Sept 9, 2016.
             Was a Believer of Uskayaw.
             Killed from afar by a merfolk aquamancer (28 damage)
             ... with a great wave of water
             ... on level 4 of the Shoals on Sept 11, 2016.
             The game lasted 02:32:03 (35339 turns).

dvd the Marksminotaur (Minotaur Gladiator)         Turns: 35339, Time: 02:32:04

Health: -6/154     AC: 31    Str: 27    XL:     18   Next: 2%
Magic:  13/27      EV: 15    Int:  4    God:    Uskayaw [**....]
Gold:   3573       SH:  4    Dex: 15    Spells: 0 memorised, 17 levels left

rFire  . . .     SeeInvis .     a - +7 war axe (elec)
rCold  + . .     Gourm    .     M - +8 chain mail "Qohussyrial" {MR++ Regen+ Int-2 Stlth+}
rNeg   + + .     Faith    .     (no shield)
rPois  +         Spirit   .     c - +2 hat
rElec  .         Dismiss  .     S - +0 cloak "Seeh" {rPois rN++ MR- Str+4}
rCorr  .         Reflect  +     L - +2 pair of gloves
MR     ++...     Harm     .     (no boots)
Stlth  +.........               D - +4 amulet of reflection
                                W - +3 ring of protection
                                T - ring of protection from cold

@: lethally poisoned (-6 -> -6), barbed spikes, mesmerised
A: retaliatory headbutt, horns 2
a: Stomp, Line Pass, Renounce Religion
}: 1/15 runes: gossamer


You were on level 4 of the Shoals.
You worshipped Uskayaw.
Uskayaw was pleased with you.
You were hungry.

You visited 6 branches of the dungeon, and saw 31 of its levels.
You also visited: Labyrinth and Ossuary.

You collected 3573 gold pieces.

Inventory:

Hand Weapons
 a - a +7 war axe of electrocution (weapon)
 b - the +9 shortbow of the King {freeze, rElec rF+++ MP-9 Dex+2}
   (You took it off a minotaur in a labyrinth)

   It causes projectiles fired from it to freeze those they strike, causing
   extra injury to most foes and up to half again as much damage against
   particularly susceptible opponents.
   They can also slow down cold-blooded creatures.
   It affects your dexterity (+2).
   It renders you almost immune to fire.
   It insulates you from electricity.
   It affects your magic capacity (-9).
 g - a +2 battleaxe of flaming
 o - a +4 war axe of flaming
 q - a +2 vampiric war axe
Missiles
 s - 533 arrows
 x - 89 tomahawks (quivered)
Armour
 c - a +2 hat (worn)
 L - a +2 pair of gloves (worn)
 M - the +8 chain mail "Qohussyrial" (worn) {MR++ Regen+ Int-2 Stlth+}
   (You found it on level 6 of the Lair of Beasts)

   It affects your intelligence (-2).
   It affects your resistance to hostile enchantments.
   It increases your rate of regeneration.
   It makes you more stealthy.
 S - the +0 cloak "Seeh" (worn) {rPois rN++ MR- Str+4}
   (You acquired it on level 2 of the Spider Nest)

   It affects your strength (+4).
   It protects you from poison.
   It greatly protects you from negative energy.
   It affects your resistance to hostile enchantments.
Jewellery
 D - a +4 amulet of reflection (around neck)
 T - a ring of protection from cold (left hand)
 U - an uncursed ring of positive energy
 W - a +3 ring of protection (right hand)
Wands
 n - a wand of confusion (41/48)
 p - a wand of disintegration (0/24)
 y - a wand of lightning (10/15)
 A - a wand of digging (5/24)
 B - a wand of acid (12/15)
 J - a wand of disintegration (8/24)
 K - a wand of iceblast (5/15)
 R - a wand of lightning (11/15)
 X - a wand of confusion (27/48)
 Y - a wand of flame (26/48)
Scrolls
 d - 2 scrolls of fear
 h - 4 scrolls of blinking
 k - 6 scrolls of identify
 v - a scroll of holy word
 w - a scroll of magic mapping
 C - a scroll of enchant armour
 G - 4 scrolls of teleportation
 H - 6 scrolls of remove curse
 O - 2 scrolls of summoning
 V - a scroll of recharging
Potions
 e - 3 potions of invisibility
 l - 3 potions of magic
 m - 7 potions of curing
 t - 5 potions of ambrosia
 u - 2 potions of haste
 z - 4 potions of might
 E - 4 potions of flight
 I - a potion of agility
 P - a potion of heal wounds
 Z - a potion of cancellation
Comestibles
 f - 17 bread rations
 i - 5 chunks of flesh
 j - 16 meat rations
 r - 7 royal jellies
 F - 42 fruits


   Skills:
 + Level 12.2 Fighting
   Level 1.5 Short Blades
 + Level 13.6(13.7) Axes
   Level 2.4(9.6) Maces & Flails
   Level 3.0(3.4) Staves
 + Level 19.9 Bows
 + Level 4.7 Throwing
 + Level 13.4 Armour
 + Level 10.3 Dodging
 + Level 7.8 Stealth
   Level 2.0 Shields
 * Level 13.9 Invocations
 + Level 0.1 Evocations


You had 17 spell levels left.
You didn't know any spells.

Dungeon Overview and Level Annotations

Branches:
Dungeon (14/15)            Temple (1/1) D:5            Lair (6/6) D:10
 Shoals (4/4) Lair:2       Spider (4/4) Lair:2        Slime (0/5) Lair:5
    Orc (2/2) D:11            Elf (0/3) Orc:2        Vaults (0/5) D:13

Altars:
Ashenzari
Cheibriados
Dithmenos
Elyvilon
Fedhas
Gozag
Hepliaklqana
Kikubaaqudgha
Makhleb
Nemelex Xobeh
Okawaru
Qazlal
Ru
Sif Muna
Trog
Uskayaw
Vehumet
Xom
Yredelemnul
Zin
The Shining One
Beogh

Shops:
D:6 }   Orc:2 }[(:   Shoals:2 *?


Innate Abilities, Weirdness & Mutations

You reflexively headbutt those who attack you in melee.
You have a pair of horns on your head.


Message History

Unknown command.
Your unstable footing causes you to fumble your attack.
The merfolk avatar chants its luring song.
The alligator snapping turtle barely misses you.
Unknown command.
Your unstable footing causes you to fumble your attack.
You feel sick.
The merfolk hits you from afar with a trident!
The merfolk aquamancer gestures wildly while chanting.
The merfolk aquamancer blinks!
The merfolk avatar chants its luring song.
Unknown command.
Your unstable footing causes you to fumble your attack.
The alligator snapping turtle bites you from afar!!
* * * LOW HITPOINT WARNING * * *
The merfolk hits you from afar with a trident!!
* * * LOW HITPOINT WARNING * * *
The merfolk aquamancer gestures at you while chanting.
The great wave of water hits you!
You die...

#####
.≈≈≈##≈≈≈≈≈≈≈≈≈≈≈≈≈≈≈≈≈≈
.≈≈≈≈##≈≈≈≈≈≈≈≈≈≈≈≈≈≈≈≈≈≈
.≈#≈.≈#≈≈≈≈≈≈≈≈≈≈≈≈≈≈≈≈≈≈≈
≈≈≈≈.≈#≈≈≈≈≈≈≈≈≈≈≈≈≈≈≈≈≈≈≈(
≈##≈.≈#≈≈≈≈≈≈≈≈≈≈≈≈≈≈≈..≈≈≈
≈#≈..≈#≈≈≈≈≈≈≈≈≈≈(≈..(..(.≈
≈≈.[#≈#.≈≈≈m≈≈≈m≈≈........
...#≈##..≈≈≈≈≈≈≈@.........
≈≈≈≈##....≈≈≈≈≈≈≈.t...##
#####....§.≈≈≈≈≈≈.m.(#...
...........≈≈≈≈≈≈)))#..#
..........######≈(.#....≈#
≈.†......#≈≈≈≈ ##(.#≈#.≈≈≈≈
≈≈≈.....#≈#≈≈≈ ##.#m. ≈##t
.≈≈≈...#≈#≈≈≈# #.#≈≈# #
≈≈.≈...#≈≈≈≈#≈≈ #≈#≈≈(


You could see an alligator snapping turtle, a merfolk avatar, a merfolk
aquamancer and a merfolk.

Vanquished Creatures
  Polyphemus (Shoals:3)
  A kraken (Shoals:3)
  Kirke (D:13)
  Agnes (D:14)
  Ilsuiw (Shoals:4)
  An orc warlord (Orc:2)
  5 emperor scorpions
  3 ghost moths (Spider:4)
  4 entropy weavers
  A stone giant (Orc:2)
  5 dire elephants (Lair:6)
  A spark wasp (Spider:4)
  2 merfolk impalers
  8 merfolk javelineers (Shoals:4)
  Josephine (Lair:4)
  The ghost of Krapule the Blocker, a journeyman FoFi of Hepliaklqana (Orc:1)
  A minotaur (Lab)
  3 hydras
  A merfolk avatar (Shoals:2)
  5 centaur warriors
  An anaconda (Lair:6)
  Erica (Lair:1)
  A satyr (Shoals:3)
  A merfolk aquamancer (Shoals:4)
  A catoblepas (Shoals:3)
  Urug (D:13)
  17 death yaks
  8 sea snakes
  An unseen horror (D:14)
  17 harpies
  4 hill giants
  3 orc knights
  7 fauns
  16 orb spiders
  13 manticores
  15 griffons
  26 wolf spiders
  6 cyclopes
  An ugly thing (D:12)
  17 elephants
  5 hornets
  A moth of wrath (Spider:4)
  4 water nymphs
  8 sirens
  A torpor snail (Spider:3)
  8 black mambas
  2 centaur skeletons
  10 rime drakes
  10 spiny frogs
  4 yaktaurs (D:13)
  A kobold demonologist (D:13)
  9 komodo dragons
  8 demonic crawlers
  5 harpy zombies
  A queen bee (Lair:4)
  6 meliai
  40 jumping spiders
  22 merfolk
  5 trolls
  12 snapping turtles
  Prince Ribbit (D:9)
  6 wind drakes
  A polar bear (shapeshifter) (D:14)
  A boulder beetle (Spider:1)
  5 dream sheep
  3 slime creatures (D:13)
  A griffon zombie (Shoals:2)
  39 tarantellas
  2 shadows (D:14)
  A vampire (D:14)
  5 water elementals
  70 redbacks
  2 basilisks (Lair:4)
  6 wraiths
  54 yaks
  11 wyverns
  A yak (shapeshifter) (D:13)
  3 hogs
  17 hippogriffs
  4 hungry ghosts
  A mottled dragon (D:13)
  A soldier ant (D:12)
  A warg (Orc:2)
  11 water moccasins
  10 porcupines
  39 orc warriors
  A black bear (D:10)
  3 sky beasts
  A wasp (D:14)
  2 phantoms
  An ice beast (D:9)
  2 necrophages (D:10)
  10 ogres
  4 wolves (Lair:5)
  4 boggarts (D:14)
  19 centaurs
  14 crocodiles
  5 big kobolds
  15 giant frogs
  A wyvern zombie (D:13)
  A gnoll sergeant (D:6)
  5 scorpions
  34 killer bees
  6 wights
  6 howler monkeys
  2 electric eels (Lair:1)
  4 crimson imps
  3 centaur zombies
  4 jellies
  2 giant frog zombies
  23 orc priests
  6 hounds
  27 orc wizards
  2 giant frog skeletons
  A gnoll shaman (D:9)
  9 iguanas
  7 worker ants
  A hound skeleton (D:6)
  A mummy (Ossuary)
  8 adders
  11 gnolls
  3 howler monkey skeletons
  37 river rats
  2 shadow imps
  2 adder skeletons
  4 dart slugs
  3 worms
  2 giant geckos
  105 orcs
  A bat zombie (Shoals:2)
  4 giant cockroaches
  20 goblins
  10 hobgoblins
  4 jackals (D:5)
  29 kobolds
  4 quokkas
  A ball python (D:2)
  7 bats
  A giant gecko zombie (D:9)
  7 gnoll skeletons (Ossuary)
  4 kobold skeletons (Ossuary)
  14 orc skeletons (Ossuary)
  4 rats
  3 fungi
  10 plants
  A tentacle (Shoals:3)
1189 creatures vanquished.

Vanquished Creatures (others)
  Sonja (D:13)
  A human (D:13)
  A centaur (D:11)
  An orc wizard (Orc:2)
  9 fungi
  7 plants
  12 tentacles
32 creatures vanquished.

Grand Total: 1221 creatures vanquished

Notes
Turn   | Place    | Note
-------+----------+-------------------------------------------
     0 | D:1      | dvd the Minotaur Gladiator began the quest for the Orb.
     0 | D:1      | Reached XP level 1. HP: 18/18 MP: 0/0
   632 | D:1      | Reached XP level 2. HP: 25/25 MP: 1/1
  1501 | D:2      | Reached XP level 3. HP: 29/30 MP: 2/2
  1646 | D:2      | Reached skill level 1 in Armour
  2024 | D:2      | Found a stormy altar of Qazlal.
  2027 | D:2      | Found a sacrificial altar of Ru.
  2033 | D:2      | Found an opulent altar of Gozag.
  2095 | D:3      | Noticed an ogre
  2100 | D:3      | Reached XP level 4. HP: 23/37 MP: 1/3
  2111 | D:3      | Killed an ogre
  2111 | D:3      | Reached XP level 5. HP: 29/44 MP: 2/4
  2119 | D:3      | Reached skill level 5 in Axes
  2359 | D:3      | Reached skill level 1 in Short Blades
  2497 | D:3      | Found a basalt altar of Yredelemnul.
  2963 | D:4      | Reached XP level 6. HP: 44/51 MP: 3/5
  2977 | D:4      | Found a sand-covered staircase.
  2994 | Ossuary  | Entered an ossuary
  2994 | Ossuary  | Noticed a wraith
  2994 | Ossuary  | Noticed a wraith
  2994 | Ossuary  | Noticed a wraith
  3230 | Ossuary  | Noticed a wraith
  3276 | Ossuary  | Killed a wraith
  3276 | Ossuary  | Reached skill level 5 in Dodging
  3420 | D:5      | Entered Level 5 of the Dungeon
  3453 | D:5      | Reached skill level 1 in Staves
  3453 | D:5      | Reached XP level 7. HP: 45/58 MP: 6/6
  3557 | D:5      | Reached skill level 5 in Armour
  3632 | D:5      | Found a staircase to the Ecumenical Temple.
  3642 | Temple   | Entered the Ecumenical Temple
  3691 | Temple   | Became a worshipper of Uskayaw the Reveler
  3853 | D:5      | Found a glowing golden altar of the Shining One.
  3872 | D:5      | Reached * piety under Uskayaw
  4049 | D:5      | Reached ** piety under Uskayaw
  4543 | D:6      | Reached *** piety under Uskayaw
  4548 | D:6      | Reached **** piety under Uskayaw
  4563 | D:6      | Reached XP level 8. HP: 15/67 MP: 2/7
  5121 | D:6      | Found Nutipokk's Gadget Shoppe.
  5172 | D:6      | Reached skill level 5 in Fighting
  5172 | D:6      | Reached skill level 1 in Stealth
  6730 | D:8      | Reached XP level 9. HP: 71/75 MP: 8/8
  7409 | D:9      | Noticed Prince Ribbit
  7430 | D:9      | Killed Prince Ribbit
  7657 | D:9      | Reached skill level 1 in Bows
  7846 | D:9      | Reached skill level 1 in Invocations
  8192 | D:10     | Entered Level 10 of the Dungeon
  8206 | D:10     | Found a staircase to the Lair.
  8206 | D:10     | Noticed an elephant
  8231 | D:10     | Killed an elephant
  8231 | D:10     | Reached skill level 2 in Bows
  8443 | D:10     | Reached skill level 1 in Maces & Flails
  8610 | D:10     | Reached XP level 10. HP: 83/86 MP: 10/10
  8771 | D:10     | Reached skill level 3 in Bows
  9452 | D:10     | Reached skill level 10 in Armour
  9458 | D:10     | Reached ***** piety under Uskayaw
  9464 | D:10     | Reached skill level 4 in Bows
  9466 | D:10     | Reached ****** piety under Uskayaw
  9964 | Lair:1   | Entered Level 1 of the Lair of Beasts
  9987 | Lair:1   | Found a labyrinth entrance.
 10001 | Lab      | Entered a labyrinth
 10407 | Lab      | Noticed a minotaur
 10421 | Lab      | Killed a minotaur
 10424 | Lab      | Got an uncursed brightly glowing shortbow {freeze}
 10425 | Lab      | Identified the +9 shortbow of the King {freeze, rElec rF+++ MP-9 Dex+2} (You took it off a minotaur in a labyrinth)
 10775 | Lair:1   | Reached XP level 11. HP: 88/94 MP: 4/13
 10824 | Lair:1   | Noticed Erica
 10829 | Lair:1   | Killed Erica
 11197 | Lair:1   | Reached skill level 5 in Bows
 11357 | Lair:1   | Noticed a five-headed hydra
 11368 | Lair:1   | Killed a five-headed hydra
 11461 | Lair:1   | Reached skill level 1 in Shields
 11688 | Lair:2   | Reached skill level 6 in Bows
 11749 | Lair:2   | Reached skill level 5 in Invocations
 11785 | Lair:2   | Noticed a griffon
 11792 | Lair:2   | Killed a griffon
 11872 | Lair:2   | Reached skill level 7 in Bows
 11912 | Lair:2   | Noticed a seven-headed hydra
 11928 | Lair:2   | Killed a seven-headed hydra
 12193 | Lair:2   | Found a hole to the Spider Nest.
 12207 | Lair:2   | Reached skill level 8 in Bows
 12254 | Lair:2   | Found a staircase to the Shoals.
 12855 | D:11     | Noticed a hill giant
 12860 | D:11     | Killed a hill giant
 12860 | D:11     | Reached skill level 9 in Bows
 12860 | D:11     | Reached XP level 12. HP: 103/103 MP: 6/15
 12960 | D:11     | Found a staircase to the Orcish Mines.
 13601 | D:11     | Reached skill level 10 in Bows
 13777 | Orc:1    | Entered Level 1 of the Orcish Mines
 13976 | Orc:1    | Noticed Krapule's ghost (journeyman FoFi)
 13992 | Orc:1    | Killed Krapule's ghost
 14210 | Orc:2    | Entered Level 2 of the Orcish Mines
 14276 | Orc:2    | Found a roughly hewn altar of Beogh.
 14297 | Orc:2    | Found Coekav's Book Emporium.
 14565 | Orc:2    | Found a roughly hewn altar of Beogh.
 14565 | Orc:2    | Found a staircase to the Elven Halls.
 14614 | Orc:2    | Noticed a stone giant
 14626 | Orc:2    | Killed a stone giant
 14626 | Orc:2    | Reached skill level 11 in Bows
 14739 | Orc:2    | Noticed an orc warlord
 14759 | Orc:2    | Killed an orc warlord
 15297 | Orc:2    | Found Zebb's Antique Weapon Shop.
 15298 | Orc:2    | Found a roughly hewn altar of Beogh.
 15306 | Orc:2    | Found Eqonun's Antique Armour Boutique.
 15480 | Orc:2    | Found a roughly hewn altar of Beogh.
 15689 | Orc:2    | Found a roughly hewn altar of Beogh.
 15818 | Orc:2    | Found a roughly hewn altar of Beogh.
 15836 | Orc:2    | Reached skill level 12 in Bows
 15837 | Orc:2    | Found Fileytis's Gadget Boutique.
 15954 | Orc:2    | Found a roughly hewn altar of Beogh.
 16187 | Lair:3   | Reached skill level 10 in Axes
 16187 | Lair:3   | Reached XP level 13. HP: 105/111 MP: 8/17
 17909 | Lair:4   | Noticed Josephine
 17922 | Lair:4   | Killed Josephine
 17922 | Lair:4   | Reached skill level 13 in Bows
 18949 | Lair:5   | Found a staircase to the Slime Pits.
 19156 | Lair:5   | Reached skill level 5 in Stealth
 19500 | Lair:5   | Reached XP level 14. HP: 119/119 MP: 11/20
 19843 | Lair:5   | Reached skill level 14 in Bows
 20325 | Lair:6   | Entered Level 6 of the Lair of Beasts
 20356 | Lair:6   | Reached skill level 10 in Invocations
 20598 | Lair:6   | Reached skill level 10 in Fighting
 21046 | Lair:6   | Reached skill level 15 in Bows
 21116 | Lair:6   | Identified the Tome of Supportive Enhancements
 22395 | Lair:6   | Got a bloodstained chain mail
 22406 | Lair:6   | Identified the +8 chain mail "Qohussyrial" {MR++ Regen+ Int-2 Stlth+} (You found it on level 6 of the Lair of Beasts)
 22739 | D:12     | Reached XP level 15. HP: 128/128 MP: 13/22
 23412 | D:13     | Noticed Urug
 23521 | D:13     | Killed Urug
 23571 | D:13     | Noticed Kirke
 23944 | D:13     | Reached skill level 16 in Bows
 24111 | D:13     | Found a gate to the Vaults.
 24228 | D:13     | Noticed a sphinx
 24237 | D:13     | Killed Kirke
 24413 | D:13     | Noticed Sonja
 24414 | D:13     | Killed Sonja
 24896 | D:14     | Noticed an orc warlord
 25043 | D:14     | Noticed Agnes
 25059 | D:14     | Killed Agnes
 25477 | Spider:1 | Entered Level 1 of the Spider Nest
 26176 | Spider:1 | Gained mutation: You are partially covered in rugged brown scales. (AC +1, +3% HP) [potion of mutation]
 26176 | Spider:1 | Gained mutation: Armour fits poorly on your strangely shaped body. [potion of mutation]
 26176 | Spider:1 | Gained mutation: Your spells are a little easier to cast, but a little less powerful. [potion of mutation]
 26177 | Spider:1 | Lost mutation: Armour fits poorly on your strangely shaped body. [potion of cure mutation]
 26177 | Spider:1 | Lost mutation: Your spells are a little easier to cast, but a little less powerful. [potion of cure mutation]
 26177 | Spider:1 | Lost mutation: You are partially covered in rugged brown scales. (AC +1, +3% HP) [potion of cure mutation]
 26243 | Spider:1 | Reached skill level 17 in Bows
 26820 | Spider:2 | Identified a scroll of acquirement
 26821 | Spider:2 | Got a smoking cloak
 26832 | Spider:2 | Identified the +0 cloak "Seeh" {rPois rN++ MR- Str+4} (You acquired it on level 2 of the Spider Nest)
 26961 | D:10     | Reached XP level 16. HP: 123/137 MP: 24/24
 29109 | Spider:4 | Entered Level 4 of the Spider Nest
 29470 | Spider:4 | Reached skill level 18 in Bows
 31048 | Spider:4 | Got a gossamer rune of Zot
 31094 | Spider:4 | Reached XP level 17. HP: 146/146 MP: 18/25
 31418 | Shoals:1 | Entered Level 1 of the Shoals
 31454 | Shoals:1 | Reached skill level 10 in Dodging
 32187 | Shoals:1 | Reached skill level 19 in Bows
 32257 | Shoals:2 | Found Magg's Magic Scroll Shoppe.
 32613 | Shoals:2 | Found Siullio's Assorted Antiques.
 33045 | Shoals:3 | Noticed Polyphemus
 33081 | Shoals:3 | HP: 2/146 [Polyphemus/large rock (33)]
 33296 | Shoals:3 | Killed Polyphemus
 33571 | Shoals:3 | Noticed a kraken
 33600 | Shoals:3 | Killed a kraken
 34295 | Shoals:4 | Entered Level 4 of the Shoals
 34304 | Shoals:4 | Noticed Ilsuiw
 34318 | Shoals:4 | Killed Ilsuiw
 35316 | Shoals:4 | Reached XP level 18. HP: 122/154 MP: 18/27
 35339 | Shoals:4 | Killed from afar by a merfolk aquamancer

Vault maps used:
D:1:      lemuel_arrival_cross, serial_co_window_serial, co_window_corner_a,
          co_window_paths_b, co_window_paths_a, co_window_of_opportunity_a,
          co_window_paths_b, co_window_corner_ca, co_window_paths_c,
          co_window_broadway_c, co_window_4corner_b, co_window_sun,
          glass_columns_a, roderic_cross_of_infinity
D:2:      grunt_temple_overflow_diamond
D:3:      lemuel_round_altar, first_bread, serial_bayou_lagoon_b
D:4:      nicolae_ossuary_entry_monument
D:5:      nicolae_tso_carved_into_rock
D:6:      corexii_shantytown, serial_shops, kennysheep_little_box
D:9:      uniq_prince_ribbit1
D:10:     david_lair_generic, blue_anna_alchemist
D:11:     david_orc_2
D:13:     hangedman_vaults_entry_quadrant_bands, uniq_sonja, uniq_kirke,
          uniq_urug
D:14:     minmay_misc_feat_diagonals, uniq_agnes
Temple:   minmay_crystal_spiral_temple
Lair:1:   lab_entry_generic, serial_bayou_shore_a, uniq_erica
Lair:2:   elwin_shoals_entry_stream, spider_nest_entry_web_field
Lair:3:   statuecave_lemuel, wad_woods_road_01, lemuel_old_faithful
Lair:4:   special_room, infiniplex_staircase_pool_2, uniq_josephine
Lair:5:   beast_lair_carwin_large_3, minmay_slime_entry_oklob_open
Lair:6:   due_jungle_book, hibernation_bobbens
Shoals:2: serial_shops, shop, shop_fountains, nicolae_shoals_undead_eyrie
Shoals:3: uniq_polyphemus
Shoals:4: shoals_end_hangedman, shoals_ilsuiw_ice
Spider:1: spider_trap
Spider:3: spider_trap
Spider:4: grunt_spider_rune_parallel
Orc:2:    grunt_orc_community_town_hall, grunt_orc_community_big_house_2,
          grunt_orc_community_big_house_1, grunt_orc_community_house_1,
          grunt_orc_community_house_2, grunt_orc_community_house_3,
          grunt_orc_community_house_2, grunt_orc_community_house_2,
          grunt_orc_community_house_1
Lab:      nicolae_lab_dead_adventurers, lab_statue
Ossuary:  ossuary_due_mausoleum

Skill      XL: |  1  2  3  4  5  6  7  8  9 10 11 12 13 14 15 16 17 |
---------------+----------------------------------------------------+-----
Axes           | 4 5 6 7 9 10 11 12 13 | 13.6
Armour         | 1 2 3 4 6 8 9 10 11 12 13 | 13.4
Dodging        | 4 5 6 7 8 9 10 | 10.3
Short Blades   | 1 |  1.5
Fighting       | 3 4 6 7 8 9 10 11 12 | 12.2
Staves         | 1 2 3 |  3.0
Stealth        | 2 3 4 5 6 7 |  7.8
Bows           | 2 4 9 12 13 15 17 18 19 | 19.9
Invocations    | 2 4 5 7 9 11 12 13 | 13.9
Throwing       | 3 4 |  4.7
Maces & Flails | 1 2 |  2.4
Shields        | 1 2 |  2.0
Evocations     | |  0.1

Action                   |  1- 3 |  4- 6 |  7- 9 | 10-12 | 13-15 | 16-18 || total
-------------------------+-------+-------+-------+-------+-------+-------++-------
Melee: Dagger            |    37 |    15 |    38 |    12 |       |       ||   102
       War axe           |    40 |       |   258 |   237 |   486 |   408 ||  1429
       Headbutt          |     7 |    25 |    76 |    67 |   121 |    96 ||   392
       Staff             |       |   127 |    37 |       |       |       ||   164
       Whip              |       |       |    30 |    26 |       |       ||    56
       Scimitar          |       |       |       |     4 |       |       ||     4
       Shortbow          |       |       |       |       |     8 |     1 ||     9
 Fire: Shortbow          |       |       |    26 |   591 |   907 |   865 ||  2389
       Hand crossbow     |       |       |       |     1 |       |       ||     1
Throw: Tomahawk          |       |       |    19 |    22 |    19 |     4 ||    64
Invok: Line Pass         |       |       |     1 |     2 |     1 |       ||     4
       Stomp             |       |       |     2 |     7 |     8 |     6 ||    23
       Grand Finale      |       |       |       |       |     3 |     1 ||     4
Evoke: Wand              |       |       |       |       |       |     6 ||     6
  Use: Potion            |     1 |     2 |     9 |     8 |    10 |    10 ||    40
       Scroll            |       |    13 |     2 |    14 |    21 |     8 ||    58
 Stab: Paralysed         |       |       |     6 |    20 |    61 |    49 ||   136
       Confused          |       |       |       |       |     1 |       ||     1
       Petrified         |       |       |       |       |       |     2 ||     2
  Eat: Chunk             |     4 |     2 |    17 |    24 |    36 |    20 ||   103
       Royal jelly       |       |     1 |       |       |       |     3 ||     4
       Pizza             |       |       |     1 |     2 |     1 |     1 ||     5
       Beef jerky        |       |       |       |       |     1 |       ||     1
Armor: Leather armour    |     8 |       |       |    31 |       |       ||    39
       Chain mail        |    43 |    20 |   138 |   106 |   355 |   508 ||  1170
       Ring mail         |       |    28 |    13 |       |       |       ||    41
Dodge: Dodged            |    43 |    87 |   180 |   231 |   363 |   430 ||  1334
Block: Other             |       |    16 |    69 |    65 |   104 |    99 ||   353
       Reflection        |       |       |     1 |     4 |     7 |     5 ||    17
